 Dungeon Crawl Stone Soup version 0.28.0-53-g5a82cb258f (webtiles) character file.

Game seed: 1572579829477431500

33 rabbi the Magician (level 3, -5/19 HPs)
             Began as a Deep Elf Hedge Wizard on June 28, 2022.
             Slain by a gnoll
             ... wielding a +0 flail
              (8 damage)
             ... on level 1 of the Dungeon.
             The game lasted 00:07:32 (1980 turns).

rabbi the Magician (Deep Elf Hedge Wizard)          Turns: 1980, Time: 00:07:33

Health: -5/19      AC:  2    Str:  7    XL:     3   Next: 12%
Magic:  7/10       EV: 12    Int: 20    God:
Gold:   13         SH:  0    Dex: 14    Spells: 1/10 levels left

rFire   . . .      SeeInvis .   a - +0 dagger
rCold   . . .      Faith    .   (no shield)
rNeg    . . .      Spirit   .   b - +0 robe
rPois   .          Reflect  .   c - +0 hat
rElec   .          Harm     .   (no cloak)
rCorr   .          Rampage  .   (no gloves)
Will    .....                   (no boots)
Stlth   ++........              (no amulet)
HPRegen 0.06/turn               (no ring)
MPRegen 0.12/turn               (no ring)

@: no status effects
A: no striking features
a: no special abilities


You were on level 1 of the Dungeon.
You visited 1 branch of the dungeon, and saw 2 of its levels.

You collected 13 gold pieces.

Inventory:

Hand Weapons
 a - a +0 dagger (weapon)
Armour
 b - a +0 robe (worn)
 c - a +0 hat (worn)
Scrolls
 d - a scroll of identify {unknown}
 f - a scroll of magic mapping {unknown}
Potions
 e - a potion of lignification {unknown}


   Skills:
 - Level 2.4 Dodging
 - Level 2.4 Stealth
 - Level 4.4 Spellcasting
 + Level 3.4 Conjurations
 - Level 1.1 Summonings
 - Level 1.1 Translocations


You had one spell level left.
You knew the following spells:

 Your Spells              Type           Power      Damage    Failure   Level
a - Magic Dart            Conj           72%        1d6       3%          1
b - Blink                 Tloc           16%        N/A       12%         2
c - Slow                  Hex            16%        N/A       12%         1
d - Call Imp              Summ           8%         N/A       12%         2
e - Mephitic Cloud        Conj/Pois/Air  9%         N/A       22%         3

Your spell library contained the following spells:

 Spells                   Type           Power      Damage    Failure   Level
 Conjure Flame            Conj/Fire      11%        6-21      19%         3


Dungeon Overview and Level Annotations

Branches:
Dungeon (2/15)

Altars:


Message History

Aim: a gnoll, wielding a +0 flail (wandering, hasn't noticed you, 100% to hit)
The magic dart hits the gnoll.
The gnoll is lightly wounded.
The gnoll shouts!
You hear a shout!
Aiming: Magic Dart (safe; 3% risk of failure)
Press: ? - help, Q - select action, (/) - cycle Shift-Dir - straight line, f/p - gnoll
Aim: a gnoll, wielding a +0 flail (lightly wounded, 100% to hit)
The magic dart hits the gnoll.
The gnoll is lightly wounded.
Aiming: Magic Dart (safe; 3% risk of failure)
Press: ? - help, Q - select action, (/) - cycle Shift-Dir - straight line, f/p - gnoll
Aim: a gnoll, wielding a +0 flail (lightly wounded, 100% to hit)
The magic dart hits the gnoll but does no damage.
The gnoll is lightly wounded.
There is a stone staircase leading up here.
You climb upwards.
There is a stone staircase leading down here.
You start resting.
Magic restored.
You climb downwards.
The gnoll shouts!
The gnoll misses you.
There is a stone staircase leading up here.
Casting: Magic Dart (safe; 3% risk of failure)
Confirm with . or Enter, or press ? or * to list all spells.
A beastly little devil appears in a puff of flame.
The gnoll barely misses you. The gnoll hits you with a +0 flail. x2
Your crimson imp blinks!
You climb upwards.
There is a stone staircase leading down here.
The gnoll misses you. The gnoll hits you with a +0 flail.
* * * LOW HITPOINT WARNING * * *
Casting: Call Imp (safe; 12% risk of failure)
Confirm with . or Enter, or press ? or * to list all spells.
A metallic apparition takes form in the air.
The gnoll hits you with a +0 flail!
You die...

*****,*,* *********##**,,,*,*,*
*,,,),,,,...,,,,*,*,* *
*,*******#.#*,,,*,*,* *****,*
#.#**,**,*,* ,,,,,,* #.#
*,**,*,* ******* #.# *,#*,*,*
**** ###.###.##.#.* ,,,*
####...g@.......*******
,,,######.##.#g###5.....,,,,,,*
*,,..............#,###.#*****,*
*,****#.#....>.#.#,* *,* *,*
*.######...#.###.#,* *,* *,*
,............# *,#,* *,* *,*
*.######.##### *********
******** *,* #.## *,** *,** *,
,,*****#..## *,,** *,,** **


You could see 2 gnolls and a friendly iron imp (summoned).

Vanquished Creatures
  2 bats
  5 endoplasms (D:1)
  A giant cockroach (D:1)
  2 goblins
  2 hobgoblins (D:1)
  3 quokkas
  4 ball pythons
  2 frilled lizards (D:1)
  4 kobolds (D:1)
  A rat (D:1)
26 creatures vanquished.

Vanquished Creatures (collateral kills)
  An endoplasm (D:1)
  A ball python (D:1)
2 creatures vanquished.

Grand Total: 28 creatures vanquished

Notes
Turn   | Place    | Note
-------+----------+-------------------------------------------
     0 | D:1      | rabbi the Deep Elf Hedge Wizard began the quest for the
                  | Orb.
     0 | D:1      | Reached XP level 1. HP: 10/10 MP: 7/7
   400 | D:1      | Reached XP level 2. HP: 15/15 MP: 6/9
   408 | D:1      | Learned a level 2 spell: Blink
   410 | D:1      | Learned a level 1 spell: Slow
   413 | D:1      | Learned a level 2 spell: Call Imp
  1785 | D:2      | Reached XP level 3. HP: 19/19 MP: 6/10
  1914 | D:2      | Learned a level 3 spell: Mephitic Cloud
  1980 | D:1      | Slain by a gnoll

Illustrated notes

Levels and vault maps discovered:
D:1:      dpeg_arrival_triangle_fractal, layout_loops_ring
D:2:      layout_basic

Skill      XL: |  1  2 |
---------------+-------+-----
Conjurations   | 2 3 |  3.4
Dodging        | |  2.4
Stealth        | |  2.4
Spellcasting   | |  4.4
Summonings     | |  1.1
Translocations | |  1.1

Action                   || total
-------------------------++-------
 Cast: Magic Dart        ||    64
       Call Imp          ||     5
Armor: Robe              ||     3
Dodge: Dodged            ||     7
